 Dungeon Crawl Stone Soup version 0.16-a0-1982-g8124c91 (webtiles) character file.

14011 timbw the Carver (level 11, -4/101 HPs)
             Began as a Grey Draconian Berserker on Nov 8, 2014.
             Was an Elder of Trog.
             Slain by Snorg (14 damage)
             ... on level 5 of the Lair of Beasts.
             The game lasted 00:24:12 (4777 turns).

timbw the Carver (Grey Draconian Berserker)         Turns: 4777, Time: 00:24:12

Health: -4/101     AC: 14    Str: 19    XL:     11   Next: 83%
Magic:  11/11      EV: 18    Int:  7    God:    Trog [****..]
Gold:   432        SH:  0    Dex: 15    Spells: 0 memorised, 10 levels left

rFire  . . .     SeeInvis .     v - +0 long sword
rCold  . . .     Clarity  .     (armour unavailable)
rNeg   . . .     SustAb   .     (no shield)
rPois  .         Gourm    .     (helmet restricted)
rElec  .         Spirit   .     (no cloak)
rCorr  +         Warding  .     d - +1 pair of gloves
rMut   .         Stasis   .     (no boots)
MR     .....                    e - amulet of resist corrosion
Stlth  ++........               (no ring)
                                (no ring)

@: not resistant to hostile enchantments, unstealthy
A: walk through water, unfitting armour, unbreathing, cold-blooded, AC +12
a: Burn Spellbooks, Berserk, Trog's Hand, Brothers in Arms, Renounce Religion


You were on level 5 of the Lair of Beasts.
You worshipped Trog.
Trog was greatly pleased with you.
You were not hungry.

You visited 3 branches of the dungeon, and saw 14 of its levels.

You collected 432 gold pieces.

Inventory:

Hand weapons
 a - a +0 falchion
 v - a +0 long sword (weapon)
Missiles
 f - 4 javelins (quivered)
 n - 8 tomahawks of returning
Armour
 d - a +1 pair of gloves (worn)
 h - a +0 shield
Magical staves
 u - an uncursed staff of wizardry {unknown}
Jewellery
 e - an amulet of resist corrosion (around neck)
Magical devices
 b - a wand of confusion (6)
 g - a wand of cold (7)
 k - a wand of frost (0)
 m - a wand of draining (6)
 q - a wand of random effects (48)
Scrolls
 o - a scroll of random uselessness
 r - a scroll of remove curse
 t - a scroll of enchant armour
 w - a scroll of recharging
 y - 3 scrolls of identify
Potions
 c - a potion of cure mutation
 i - 2 potions of magic
 l - a potion of poison
 s - a potion of might
 z - a potion of brilliance
 A - 2 potions of berserk rage
 B - a potion of heal wounds
Comestibles
 j - 4 royal jellies
 x - 2 meat rations


   Skills:
 + Level 10.9 Fighting
 * Level 13.6 Long Blades
 + Level 9.2 Dodging


You had 10 spell levels left.
You didn't know any spells.

Dungeon Overview and Level Annotations

Branches:
Dungeon (8/15)             Temple (1/1) D:6            Lair (5/8) D:8
  Snake (0/5) Lair:3
  Swamp: Lair:3-6    Shoals: Lair:3-6

Altars:
Ashenzari
Cheibriados
Dithmenos
Fedhas
Gozag
Kikubaaqudgha
Makhleb
Nemelex Xobeh
Okawaru
Qazlal
Ru
Sif Muna
Trog
Vehumet
Xom
Yredelemnul
Zin
The Shining One

Annotations:
Lair:5 Snorg


Innate Abilities, Weirdness & Mutations

You can walk through water.
Your dull iron-grey scales are very hard (AC +12).
Your body does not fit into most forms of armour.
You can survive without breathing.
Your cold-blooded metabolism reacts poorly to cold.


Message History

Your ogre hits Snorg with a giant club! Snorg bites you!
* * * LOW HITPOINT WARNING * * *
Snorg misses you. Snorg claws you but does no damage.
Your ogre hits Snorg with a giant club!!!
Snorg bites your ogre!! Snorg claws your ogre! Snorg claws your ogre!
Your ogre dies!
Your ogre's corpse disappears in a puff of smoke!
Use which ability? (? or * to list)
Your ogre goes berserk!
You feel somewhat more hungry. Snorg bites you!
* * * LOW HITPOINT WARNING * * *
Snorg barely misses you. Snorg claws you but does no damage.
Unknown command.
Snorg closely misses you. Snorg barely misses you. Snorg misses you.
Your ogre closely misses Snorg.
There is an escape hatch in the ceiling here.
Snorg rages.
Snorg misses you. Snorg closely misses you. Snorg claws you!
You die...

..#..##.#+.##......##.#+#...#....
...........##.....## ... .##....
...........##.....# ..... #.....
..#.........#..⌠..#.(....#.#...$.
..#..##..⌠........#..⌠..##.......
.....##.....#.....#.....# #.....
....#.##.......⌠.......# ##....
.....####..............# #....
....## #...⌠DOT@.⌠..#####..#....
.........##.........## #.#..###..
..#...... ##...⌠...#####......###
...........#......##.............
..............#+..#..............
......####.P.....##..............
...# #........#.............. ...
##.#⌠.>.⌠............... ..
#.......#..............


You could see Snorg (berserk), a six-headed hydra and a friendly ogre (berserk).

Vanquished Creatures
  A centaur warrior (D:8)
  4 black mambas (Lair:3)
  5 spiny frogs
  6 komodo dragons
  3 fire drakes
  A queen bee (Lair:1)
  2 basilisks
  A wyvern (Lair:4)
  6 hippogriffs
  6 yaks (Lair:5)
  4 wolves (Lair:4)
  6 water moccasins
  11 porcupines
  2 orc warriors
  2 phantoms (D:8)
  7 necrophages (Lair:5)
  Duvessa (D:6)
  3 giant frogs
  4 crocodiles
  Blork the orc (D:7)
  2 scorpions
  25 killer bees (Lair:1)
  Dowan (D:6)
  2 giant frog skeletons
  5 hounds
  A centaur skeleton (D:6)
  3 iguanas
  2 orc wizards
  2 worker ants
  A hound zombie (D:5)
  10 adders
  10 green rats
  A giant mite (D:6)
  A worm (D:2)
  A shadow imp (D:8)
  2 giant geckos
  9 orcs
  3 bats
  A bat skeleton (D:5)
  2 bat zombies
  3 goblins
  4 hobgoblins
  4 quokkas
  A ball python (Lair:3)
  An orc zombie (D:8)
  4 rats
  2 fungi (D:8)
179 creatures vanquished.

Vanquished Creatures (collateral kills)
  A griffon (Lair:5)
1 creature vanquished.

Vanquished Creatures (others)
  2 ogres (Lair:5)
  A fungus (Lair:1)
3 creatures vanquished.

Grand Total: 183 creatures vanquished

Notes
Turn   | Place    | Note
--------------------------------------------------------------
     0 | D:1      | timbw, the Draconian Berserker, began the quest for the Orb.
     0 | D:1      | Reached XP level 1. HP: 19/19 MP: 1/1
    82 | D:2      | Reached XP level 2. HP: 26/26 MP: 2/2
   279 | D:4      | Noticed a scorpion
   297 | D:4      | Killed a scorpion
   297 | D:4      | Reached skill level 4 in Long Blades
   297 | D:4      | Reached XP level 3. HP: 23/33 MP: 3/3
   297 | D:4      | Reached XP level 4. HP: 28/40 MP: 4/4
   335 | D:4      | Acquired Trog's second power
   369 | D:4      | Reached XP level 5. HP: 20/46 MP: 5/5
   403 | D:5      | Entered Level 5 of the Dungeon
   412 | D:5      | Reached skill level 5 in Long Blades
   548 | D:6      | Noticed Duvessa
   549 | D:6      | Noticed Dowan
   568 | D:6      | HP: 1/46 [Duvessa/wand of frost (10)]
   669 | D:6      | Killed Duvessa
   669 | D:6      | Reached XP level 6. HP: 37/53 MP: 6/6
   850 | D:6      | Killed Dowan
   877 | D:6      | Noticed a rust devil
   965 | D:6      | Found a staircase to the Ecumenical Temple.
   979 | Temple   | Entered the Ecumenical Temple
  1126 | D:6      | Reached skill level 6 in Long Blades
  1140 | D:6      | Noticed an angel
  1173 | D:6      | Noticed an orc warrior
  1214 | D:6      | Killed an orc warrior
  1214 | D:6      | Reached skill level 5 in Fighting
  1214 | D:6      | Your scales start taking on a dull iron-grey colour.
  1214 | D:6      | Gained mutation: You can survive without breathing. [draconian maturity]
  1214 | D:6      | Reached XP level 7. HP: 46/61 MP: 7/7
  1300 | D:7      | Noticed Blork the orc
  1320 | D:7      | Killed Blork the orc
  1450 | D:8      | Reached skill level 7 in Long Blades
  1542 | D:8      | Noticed a centaur warrior
  1558 | D:8      | Killed a centaur warrior
  1558 | D:8      | Reached skill level 8 in Long Blades
  1558 | D:8      | Reached skill level 5 in Dodging
  1558 | D:8      | Reached XP level 8. HP: 26/71 MP: 8/8
  1587 | D:8      | Noticed a spiny frog
  1607 | D:8      | Killed a spiny frog
  1607 | D:8      | Reached skill level 9 in Long Blades
  1611 | D:8      | Reached XP level 9. HP: 55/79 MP: 9/9
  1626 | D:8      | Found a staircase to the Lair.
  1725 | Lair:1   | Entered Level 1 of the Lair of Beasts
  1725 | Lair:1   | Noticed a six-headed hydra
  2023 | Lair:1   | Noticed a spiny frog
  2028 | Lair:1   | Killed a spiny frog
  2028 | Lair:1   | Reached skill level 10 in Long Blades
  2304 | Lair:1   | Reached XP level 10. HP: 87/90 MP: 10/10
  2410 | Lair:1   | Noticed a komodo dragon
  2424 | Lair:1   | Killed a komodo dragon
  2424 | Lair:1   | Reached skill level 11 in Long Blades
  3063 | Lair:2   | Acquired Trog's third power
  3063 | Lair:2   | Reached skill level 12 in Long Blades
  3113 | Lair:3   | Noticed a black mamba
  3124 | Lair:3   | Killed a black mamba
  3133 | Lair:3   | Noticed a black mamba
  3134 | Lair:3   | Found a staircase to the Snake Pit.
  3134 | Lair:3   | Noticed a black mamba
  3140 | Lair:3   | Killed a black mamba
  3147 | Lair:3   | Killed a black mamba
  3147 | Lair:3   | Reached XP level 11. HP: 99/99 MP: 11/11
  3148 | Lair:3   | Noticed a black mamba
  3271 | Lair:3   | Killed a black mamba
  3412 | Lair:3   | Noticed a black mamba
  3428 | Lair:3   | Noticed a black mamba
  3482 | Lair:4   | Reached skill level 10 in Fighting
  4007 | Lair:5   | Reached skill level 13 in Long Blades
  4247 | Lair:5   | HP: 4/101 [griffon (8)]
  4723 | Lair:5   | Noticed a six-headed hydra
  4744 | Lair:5   | Noticed Snorg
  4777 | Lair:5   | Slain by Snorg

Action                   |  1- 3 |  4- 6 |  7- 9 | 10-12 || total
-------------------------+-------+-------+-------+-------++-------
Melee: Falchion          |    40 |   131 |    76 |       ||   247
       Long sword        |       |       |   293 |   478 ||   771
Throw: Javelin           |       |       |     4 |    12 ||    16
Invok: Berserk           |     2 |     5 |     7 |    10 ||    24
       Trog's Hand       |       |     2 |    11 |     4 ||    17
       Brothers in Arms  |       |       |       |     4 ||     4
Evoke: Wand              |       |     6 |       |       ||     6
  Use: Scroll            |       |     6 |     6 |     5 ||    17
       Potion            |       |     1 |     5 |     2 ||     8
 Stab: Sleeping          |     1 |       |       |     1 ||     2
  Eat: Bread ration      |       |     2 |     1 |     1 ||     4
       Chunk             |       |     1 |     3 |     7 ||    11
       Pizza             |       |       |     1 |       ||     1
       Fruit             |       |       |     4 |       ||     4
       Royal jelly       |       |       |       |     6 ||     6
